 Dungeon Crawl Stone Soup version 0.27-a0-869-g165b36e3f0 (webtiles) character file.

Game seed: 8849396213148336174

350 polve the Cleaver (level 6, 0/51 HPs)
             Began as a Hill Orc Berserker on Apr 2, 2021.
             Was a Believer of Trog.
             Slain by a river rat (6 damage)
             ... on level 3 of the Dungeon.
             The game lasted 00:02:05 (2372 turns).

polve the Cleaver (Hill Orc Berserker)              Turns: 2372, Time: 00:02:06

Health: 0/51       AC:  6    Str: 18 (20) XL:     6   Next: 61%
Magic:  6/6        EV:  9    Int:  4 (7)  God:    Trog [**....]
Gold:   97         SH:  0    Dex: 10 (12) Spells: 5/5 levels left

rFire    . . .     SeeInvis .   a - +0 hand axe
rCold    . . .     Faith    .   (no shield)
rNeg     . . .     Spirit   .   c - +0 scale mail
rPois    .         Reflect  .   (no helmet)
rElec    .         Harm     .   (no cloak)
rCorr    .         Rampage  .   (no gloves)
Will     .....                  (no boots)
Stlth    ..........             (no amulet)
HPRegen  0.17/turn              (no ring)
MPRegen  0.10/turn              (no ring)

@: brilliant, berserk cooldown, flying, slowed, very slow
A: no striking features
a: Renounce Religion, Berserk, Trog's Hand


You were on level 3 of the Dungeon.
You worshipped Trog.
Trog was pleased with you.
You visited 1 branch of the dungeon, and saw 3 of its levels.

You collected 97 gold pieces.

Inventory:

Hand Weapons
 a - a +0 hand axe (weapon)
Armour
 c - a +0 scale mail (worn)
 h - a +0 pair of boots
Jewellery
 g - a ring of protection from cold
Scrolls
 b - a scroll of acquirement {unknown}
 e - 3 scrolls of identify {unknown}
Potions
 d - a potion of brilliance


   Skills:
 - Level 3.6 Fighting
 + Level 9.5 Axes
 - Level 2.1 Armour
 - Level 1.5 Dodging


You had 5 spell levels left.
You didn't know any spells.
Your spell library was empty.

Dungeon Overview and Level Annotations

Branches:
Dungeon (3/15)

Altars:


Message History

It was a potion of heal wounds.
You feel much better. The adder bites you but does no damage.
The river rat bites you. x2
The adder bites you but does no damage.
It was a potion of degeneration.
There was something very wrong with that liquid.
You feel weakened.
You feel dopey.
You feel clumsy. The adder barely misses you. The river rat bites you.
The adder bites you.
It was a potion of flight.
You feel very buoyant.
You fly up into the air.
You hear the rapid rusting of a drain.
The adder barely misses you. The river rat barely misses you.
The adder barely misses you. The river rat bites you.
You're still recovering from your berserk rage.
You closely miss the river rat. You miss the adder.
The adder closely misses you. The river rat bites you.
You hit the river rat.
The river rat is heavily wounded.
You hit the adder.
You kill the adder!
Trog accepts your kill.
The river rat bites you but does no damage.
The river rat bites you.
You slash the river rat!
The river rat is severely wounded.
You hit the river rat but do no damage. The river rat bites you. x2
* * * LOW HITPOINT WARNING * * *
The river rat completely misses you.
You hit the river rat but do no damage.
The river rat is severely wounded.
You hit the river rat but do no damage. The river rat bites you.
* * * LOW HITPOINT WARNING * * *
The river rat bites you.
* * * LOW HITPOINT WARNING * * *
You hit the river rat but do no damage.
The river rat is severely wounded.
You hit the river rat.
The river rat bites you but does no damage.
The river rat bites you.
You die...

########### ##.#
......<...# #≈ #≈#
#.## ########.##
#≈ #≈≈ #..# #.#
≈##≈# ##.##
########.## ≈≈#≈#
#..#
......##.##≈##≈#≈#
##.# ......'..#
≈≈≈#r# #..
......########≈#r#
##. #######
#≈≈†≈r@# #.
#≈######### #.
#≈≈†≈≈≈≈≈≈# ##
#####≈#≈#≈≈## #
#..≈≈≈≈≈.≈..# #
#####
#....≈....... #
#...#
#....†.....## #
'.(.# ##.##..#####
. #...# #....## #


You could see 2 river rats and a rat.

Vanquished Creatures
  An ice beast (D:3)
  Terence (D:2)
  2 orc wizards (D:3)
  4 gnolls (D:2)
  7 adders
  2 river rats (D:3)
  A worm (D:3)
  5 orcs (D:3)
  5 endoplasms
  3 giant cockroaches
  5 goblins
  6 hobgoblins
  2 jackals (D:2)
  A kobold (D:2)
  A quokka (D:2)
  5 ball pythons
  3 bats (D:1)
  2 frilled lizards
  3 rats
59 creatures vanquished.

Notes
Turn   | Place    | Note
-------+----------+-------------------------------------------
     0 | D:1      | polve the Hill Orc Berserker began the quest for the Orb.
     0 | D:1      | Reached XP level 1. HP: 19/19 MP: 1/1
   143 | D:1      | Reached XP level 2. HP: 21/26 MP: 2/2
   262 | D:1      | Reached skill level 5 in Axes
   327 | D:1      | Found a faded altar of an unknown god.
   778 | D:2      | Reached XP level 3. HP: 31/31 MP: 3/3
   789 | D:2      | Noticed Terence
   798 | D:2      | Killed Terence
   799 | D:2      | Reached skill level 6 in Axes
   918 | D:2      | Reached XP level 4. HP: 8/39 MP: 4/4
  1474 | D:2      | Reached skill level 7 in Axes
  1482 | D:2      | Reached XP level 5. HP: 35/45 MP: 5/5
  1845 | D:3      | Reached ** piety under Trog
  2114 | D:3      | Reached skill level 8 in Axes
  2117 | D:3      | Noticed an ice beast
  2126 | D:3      | Killed an ice beast
  2127 | D:3      | Reached skill level 9 in Axes
  2127 | D:3      | Reached XP level 6. HP: 51/51 MP: 6/6
  2372 | D:3      | Slain by a river rat

Illustrated notes

Levels and vault maps discovered:
D:1:      lemuel_arrival_lava_pool, layout_rooms, basic_ecumenical_altar
D:2:      layout_basic, corexii_leaking_fountain, st_stairs_14, uniq_terence
D:3:      layout_basic, lightli_sewer_entry_pipes,
          ebering_dispersal_statue_hall, eino_tiny_chamber

Skill      XL: |  1  2  3  4  5 |
---------------+----------------+-----
Axes           | 5 6 7 9 |  9.5
Fighting       | |  3.6
Armour         | |  2.1
Dodging        | |  1.5

Action                   |  1- 3 |  4- 6 || total
-------------------------+-------+-------++-------
Melee: Hand axe          |    60 |   108 ||   168
Invok: Berserk           |     2 |     4 ||     6
  Use: Potion            |     1 |     4 ||     5
Armor: Scale mail        |    23 |    47 ||    70
       Animal skin       |     1 |       ||     1
Dodge: Dodged            |    36 |    46 ||    82

Table legend: (Time is in decaauts)
 A = Elapsed time spent in this place.
 B = Non-inter-level travel time spent in this place.
 C = Inter-level travel time spent in this place.
 D = Time resting spent in this place.
 E = Time spent auto-exploring this place.
 F = Levels seen in this place.
 G = Mean time per level.
                   A        B        C        D        E       F      G
               +--------+--------+--------+--------+--------+-----+--------+
         Total |   2427 |   2362 |     65 |     35 |   2013 |   3 |  809.0 |
       Dungeon |   2427 |   2362 |     65 |     35 |   2013 |   3 |  809.0 |
               +--------+--------+--------+--------+--------+-----+--------+

Top non-repeatable levels by time:
     D:2: 1096 daAuts
     D:1: 766 daAuts
     D:3: 564 daAuts
